 Dungeon Crawl Stone Soup version 0.20.0-15-g7f486f2 (webtiles) character file.

1402 ayyllmao the Cudgeler (level 8, 64/72 HPs)
             Began as a Deep Dwarf Fighter on June 21, 2017.
             Was a Believer of Okawaru.
             Quit the game on level 5 of the Dungeon.
             The game lasted 00:11:10 (3368 turns).

ayyllmao the Cudgeler (Deep Dwarf Fighter)          Turns: 3368, Time: 00:11:10

Health: 64/72      AC: 10    Str: 20    XL:     8   Next: 42%
Magic:  0/0        EV:  5    Int: 10    God:    Okawaru [**....]
Gold:   265        SH: 10    Dex: 13    Spells: 7/7 levels left

rFire    . . .     SeeInvis .   r - +4 mace
rCold    . . .     Gourm    .   c - +0 shield
rNeg     . . .     Faith    .   x - +0 chain mail
rPois    .         Spirit   .   (no helmet)
rElec    .         Reflect  .   s - +0 cloak
rCorr    .         Harm     .   (no gloves)
MR       +....                  (no boots)
Stlth    ..........             (no amulet)
Regen    0.0/turn               (no ring)
MPRegen  0.1/turn               (no ring)

@: non-regenerating, heavily drained
A: damage resistance, heal wounds, sense surroundings 1, no regeneration
a: Heal Wounds, Heroism, Renounce Religion


You were on level 5 of the Dungeon.
You worshipped Okawaru.
Okawaru was pleased with you.
You were hungry.

You visited 1 branch of the dungeon, and saw 5 of its levels.

You collected 265 gold pieces.

Inventory:

Hand Weapons
 a - a +0 flail
 r - a +4 mace (weapon)
Armour
 b - a +0 scale mail
 c - a +0 shield (worn)
 p - a +0 ring mail
 s - a +0 cloak (worn)
 x - a +0 chain mail (worn)
Wands
 v - a wand of disintegration (14/24)
 y - a wand of clouds (6/9)
Scrolls
 e - 3 scrolls of remove curse {unknown}
 g - 2 scrolls of blinking
 h - a scroll of teleportation {unknown}
 j - 2 scrolls of magic mapping {unknown}
 k - 2 scrolls of fear {unknown}
 l - 2 scrolls of amnesia {unknown}
 m - 6 scrolls of identify
 o - a scroll of recharging {unknown}
 t - a scroll of fog {unknown}
Potions
 d - 4 potions of might
 i - 2 potions of agility
 n - 2 potions of haste
 q - 2 potions of curing {unknown}
 w - 2 potions of flight {unknown}
 z - 2 potions of heal wounds {unknown}
Comestibles
 f - 5 bread rations
 u - a meat ration


   Skills:
 + Level 4.3(2.5) Fighting
 + Level 6.4(4.5) Maces & Flails
 + Level 6.4(4.5) Armour
 + Level 1.9(0.2) Dodging
 + Level 0.6(0.0) Stealth
 + Level 6.4(4.4) Shields


You had 7 spell levels left.
You didn't know any spells.

Dungeon Overview and Level Annotations

Branches:
Dungeon (5/15)             Temple (0/1) D:4

Altars:
Cheibriados
Kikubaaqudgha
Okawaru


Innate Abilities, Weirdness & Mutations

You are resistant to damage.
You can heal yourself by infusing magical energy.
You passively map a small area around you.
You do not regenerate.


Message History

Okawaru accepts your kill. The wight closely misses you.
You block the wight's attack.
You thump the wight!
The wight is severely damaged.
The wight hits you with an enchanted hand axe.
You feel drained.
You don't have enough innate magic capacity.
You hit the wight.
You destroy the wight!
Okawaru accepts your kill.
No target in view!
No target in view!
No target in view!
No target in view!
You don't have enough innate magic capacity.
Things that are here:
an enchanted hand axe; a robe
Things that are here:
a trident; a robe Are you sure you want to abandon this character and quit the game? (Confirm with "yes".)

*,
#..##............#
, , **
#..#..##.........#.
,[...
####.......... *
#####...)##...#
#.............#
.#*#......##..##.#
,...#......##..##..
#........#.......
##......@)....... *
,
....###.#)###.....
*
.#####.)#().......,
, #...((.#######. ,
*#####.##(.## ,
#.....((..# , ,
#..######.# *## ,
,...# * , * , ...#
*


There were no monsters in sight!

Vanquished Creatures
  Pikel (D:4)
  A slave (D:4)
  2 ogres
  A centaur (D:5)
  2 scorpions
  4 wights (D:5)
  A howler monkey (D:5)
  3 hounds
  An orc priest (D:3)
  An iguana (D:5)
  A worker ant (D:4)
  6 adders
  7 gnolls (D:4)
  2 adder skeletons
  3 worms
  2 dart slugs (D:1)
  A leopard gecko (D:4)
  4 orcs
  A ball python (D:4)
  3 bats
  6 giant cockroaches
  7 hobgoblins
  3 jackals (D:1)
  4 kobolds
  4 quokkas
  2 frilled lizards
  11 goblins
  A quokka skeleton (D:5)
  11 rats
96 creatures vanquished.

Notes
Turn   | Place    | Note
-------+----------+-------------------------------------------
     0 | D:1      | ayyllmao the Deep Dwarf Fighter began the quest for the Orb.
     0 | D:1      | Reached XP level 1. HP: 20/20 MP: 1/1
   232 | D:1      | Reached XP level 2. HP: 24/27 MP: 2/2
   704 | D:1      | Reached XP level 3. HP: 26/33 MP: 3/3
   840 | D:2      | Found an iron altar of Okawaru.
   862 | D:2      | Became a worshipper of Warmaster Okawaru
  1538 | D:2      | Reached XP level 4. HP: 30/42 MP: 4/4
  1559 | D:2      | Found a snail-covered altar of Cheibriados.
  2194 | D:3      | Found an ancient bone altar of Kikubaaqudgha.
  2348 | D:4      | Reached XP level 5. HP: 32/49 MP: 5/5
  2400 | D:4      | Noticed an ogre
  2410 | D:4      | Killed an ogre
  2410 | D:4      | Reached * piety under Okawaru
  2410 | D:4      | Reached skill level 1 in Dodging
  2453 | D:4      | Noticed a slave
  2454 | D:4      | Noticed Pikel
  2454 | D:4      | Noticed a slave
  2472 | D:4      | Killed a slave
  2473 | D:4      | Noticed a slave
  2473 | D:4      | Noticed a slave
  2493 | D:4      | Killed Pikel
  2493 | D:4      | Reached skill level 5 in Maces & Flails
  2493 | D:4      | Reached skill level 5 in Armour
  2493 | D:4      | Reached skill level 5 in Shields
  2493 | D:4      | Reached XP level 6. HP: 21/57 MP: 4/4
  2493 | D:4      | Reached XP level 7. HP: 23/63 MP: 5/5
  2938 | D:4      | Reached ** piety under Okawaru
  2983 | D:4      | Found a staircase to the Ecumenical Temple.
  3223 | D:5      | Entered Level 5 of the Dungeon
  3292 | D:5      | Reached XP level 8. HP: 49/72 MP: 4/4
  3368 | D:5      | Quit the game

Skill      XL: |  1  2  3  4  5  6  7  8 |
---------------+-------------------------+-----
Fighting       | 3 4 |  4.3
Maces & Flails | 3 5 6 |  6.4
Shields        | 4 5 6 |  6.4
Armour         | 4 5 6 |  6.4
Dodging        | 1 |  1.9
Stealth        | |  0.6

Action                   |  1- 3 |  4- 6 |  7- 9 || total
-------------------------+-------+-------+-------++-------
Melee: Flail             |    65 |       |       ||    65
       Mace              |    27 |   115 |   158 ||   300
 Abil: Heal Wounds       |       |     3 |    20 ||    23
  Use: Potion            |       |     5 |       ||     5
       Scroll            |       |     1 |       ||     1
  Eat: Chunk             |     2 |     3 |     3 ||     8
Armor: Scale mail        |    24 |    48 |       ||    72
       Chain mail        |       |       |   114 ||   114
Dodge: Dodged            |    14 |    29 |    69 ||   112
Block: Shield            |    42 |    59 |   151 ||   252
